 Dungeon Crawl Stone Soup version 0.16.1-2-g95b8d4c (webtiles) character file.

39 Crauler the Ruffian (level 3, -1/29 HPs)
             Began as a Draconian Transmuter on Mar 26, 2015.
             Slain by an adder (2 damage)
             ... on level 2 of the Dungeon.
             The game lasted 00:07:46 (1475 turns).

Crauler the Ruffian (Draconian Transmuter)          Turns: 1475, Time: 00:07:46

Health: -1/29      AC:  5    Str: 12      XL:     3   Next: 26%
Magic:  0/6        EV: 12    Int: 16 (19) God:
Gold:   36         SH:  0    Dex: 11      Spells: 2 memorised, 2 levels left

rFire  . . .     SeeInvis .       - Unarmed
rCold  . . .     Clarity  .     (armour unavailable)
rNeg   . . .     SustAb   .     (no shield)
rPois  .         Gourm    .     (helmet restricted)
rElec  .         Spirit   .     (no cloak)
rCorr  .         Warding  .     (no gloves)
rMut   .         Stasis   .     (boots unavailable)
MR     .....                    (no amulet)
Stlth  +.........               (no ring)
                                (no ring)

@: brilliant, lethally poisoned (-1 -> -5), appendage, very slightly
contaminated, not resistant to hostile enchantments, very unstealthy
A: unfitting armour, talons 3, cold-blooded, AC +5
a: End Transformation


You were on level 2 of the Dungeon.
You were not hungry.
You had grown temporary talons.
You visited 1 branch of the dungeon, and saw 2 of its levels.

You collected 36 gold pieces.

Inventory:

Hand weapons
 n - a +0 falchion of slicing
Missiles
 b - 30 stones (quivered)
 l - 8 silver javelins
Scrolls
 e - a scroll of random uselessness {unknown}
 g - a scroll of recharging {unknown}
 h - a scroll of enchant weapon {unknown}
 k - a scroll of immolation {unknown}
Potions
 c - a potion of brilliance
 o - a potion of restore abilities {unknown}
Books
 d - a book of Changes

   Spells                             Type                      Level
   a - Beastly Appendage              Transmutation                1
   b - Sticks to Snakes               Transmutation                2
   c - Spider Form                    Transmutation/Poison         3
   d - Ice Form                       Ice/Transmutation            4
   e - Blade Hands                    Transmutation                5
Comestibles
 a - a bread ration
 f - a royal jelly
 i - 2 meat rations
 j - a slice of pizza


   Skills:
 + Level 1.8 Fighting
 + Level 2.1 Dodging
 * Level 3.4 Unarmed Combat
 + Level 2.3 Spellcasting
 * Level 2.2 Transmutations


You had 2 spell levels left.
You knew the following spells:

 Your Spells              Type           Power        Failure   Level  Hunger
a - Beastly Appendage     Trmt           ###...       1%          1    #......
b - Spider Form           Trmt/Pois      ###.......   4%          3    ###....


Dungeon Overview and Level Annotations

Branches:
Dungeon (2/15)

Altars:
Gozag
Nemelex Xobeh


Innate Abilities, Weirdness & Mutations

Your plain brown scales are hard (AC +5).
Your body does not fit into most forms of armour.
Your cold-blooded metabolism reacts poorly to cold.
You have claws for feet.


Message History

The adder is almost dead.
* * * LOW HITPOINT WARNING * * *
You feel sick. The adder bites you.
* * * LOW HITPOINT WARNING * * *
You closely miss the adder. Your kick misses the adder.
Your tail-slap misses the adder.
The adder is almost dead.
The adder bites you but does no damage.
Drink which item? (? for menu, Esc to quit)
It was a potion of brilliance.
You feel clever all of a sudden.
* * * LOW HITPOINT WARNING * * *
You feel sick. The adder barely misses you.
The adder bites you but does no damage.
Drink which item? (? for menu, Esc to quit)
It was a potion of degeneration.
There was something very wrong with that liquid.
You feel dopey. The adder bites you.
You die...

....# ...##.....#
#.##.##.#
......#..##.....#
#.##.##.#
#.###...########
#.......# #. # .####
####†#### #.. ..###
#.# ....
....###########.#
#..##.#.#...........#
#.....#.#.##.#.######
#.#.##..#.#.##@#.#
b...........###S###
####.#######..r..# #
#...8.$.# #.........#
#.⌠._._.⌠.#
#..?......#
##..[8...## ##.....##


You could see an adder and a rat.

Vanquished Creatures
  An adder (D:1)
  An ooze (D:2)
  A ball python (D:1)
  9 hobgoblins
  3 jackals (D:1)
  2 bats (D:1)
  A giant cockroach (D:2)
  2 giant newts (D:1)
  6 kobolds
  2 rats
28 creatures vanquished.

Notes
Turn   | Place    | Note
--------------------------------------------------------------
     0 | D:1      | Crauler, the Draconian Transmuter, began the quest for the Orb.
     0 | D:1      | Reached XP level 1. HP: 16/16 MP: 3/3
   306 | D:1      | Reached XP level 2. HP: 18/23 MP: 4/4
   339 | D:1      | Found a sparkling altar of Nemelex Xobeh.
   838 | D:1      | Reached XP level 3. HP: 24/29 MP: 4/6
   859 | D:1      | Learned a level 3 spell: Spider Form
  1443 | D:2      | Found a sparkling altar of Nemelex Xobeh.
  1443 | D:2      | Found an opulent altar of Gozag.
  1474 | D:2      | HP: 1/29 [poisoned by an adder]
  1475 | D:2      | Slain by an adder

Action                   || total
-------------------------++-------
Melee: Short sword       ||    79
       Whip              ||     9
       Falchion          ||    30
       Unarmed           ||     8
 Cast: Beastly Appendage ||    10
  Use: Potion            ||     2
  Eat: Chunk             ||     2
